 Dungeon Crawl Stone Soup version 0.18.1-47-g9310371 (console) character file.

299 Kloppie the Cudgeler (level 6, 0/51 HPs)
             Began as a Minotaur Berserker on June 21, 2016.
             Was a Believer of Trog.
             Succumbed to a worker ant's poison
             ... on level 4 of the Dungeon.
             The game lasted 00:04:01 (3503 turns).

Kloppie the Cudgeler (Minotaur Berserker)           Turns: 3503, Time: 00:04:02

Health: 0/51       AC:  5    Str: 21    XL:     6   Next: 13%
Magic:  5/5        EV: 11    Int:  4    God:    Trog [**....]
Gold:   226        SH:  0    Dex: 12    Spells: 0 memorised, 5 levels left

rFire  . . .     SeeInvis .     a - +0 mace
rCold  . . .     Gourm    .     e - +0 ring mail (curse)
rNeg   . . .     Faith    .     (no shield)
rPois  .         Spirit   .     (helmet restricted)
rElec  .         Dismiss  .     (no cloak)
rCorr  .         Reflect  .     (no gloves)
SustAt .         Harm     .     (no boots)
MR     .....                    (no amulet)
Stlth  +.........               (no ring)
                                (no ring)

@: lethally poisoned (0 -> -3), exhausted, slowed, very slow, not resistant to
hostile enchantments, very unstealthy
A: retaliatory headbutt, horns 2
a: Berserk, Trog's Hand, Burn Spellbooks, Renounce Religion


You were on level 4 of the Dungeon.
You worshipped Trog.
Trog was pleased with you.
You were not hungry.

You visited 1 branch of the dungeon, and saw 4 of its levels.

You collected 226 gold pieces.

Inventory:

Hand Weapons
 a - a +0 mace (weapon)
Armour
 e - a cursed +0 ring mail (worn)
 f - a +0 buckler
 o - a +0 scale mail
Wands
 i - a wand of slowing (26/48)
Scrolls
 d - a scroll of fog {unknown}
 j - a scroll of enchant armour {unknown}
 k - a scroll of noise {unknown}
 l - 4 scrolls of identify {unknown}
 s - a scroll of amnesia {unknown}
 t - a scroll of teleportation {unknown}
 v - a scroll of remove curse {unknown}
Potions
 b - 2 potions of brilliance {unknown}
 h - 4 potions of degeneration {unknown}
 m - a potion of lignification {unknown}
 n - a potion of haste {unknown}
 p - a potion of berserk rage {unknown}
 r - a potion of might {unknown}
Comestibles
 c - 4 bread rations
 g - a meat ration
 q - 3 fruits
 u - a beef jerky


   Skills:
 - Level 3.6 Fighting
 + Level 6.8 Maces & Flails
 - Level 2.4 Armour
 - Level 2.1 Dodging
 + Level 4.4 Shields


You had 5 spell levels left.
You didn't know any spells.

Dungeon Overview and Level Annotations

Branches:
Dungeon (4/15)
 Temple: D:4-7

Altars:
Kikubaaqudgha
Pakellas
Qazlal
Vehumet
Yredelemnul


Innate Abilities, Weirdness & Mutations

You reflexively headbutt those who attack you in melee.
You have a pair of horns on your head.


Message History

You closely miss the orc.
You feel sick.
You hit the orc.
The orc is almost dead.
The orc hits you with a short sword.
* * * LOW HITPOINT WARNING * * *
You sock the orc!
You kill the orc!
Trog accepts your kill.
You are no longer berserk.
You are exhausted.
You feel yourself slow down.
* * * LOW HITPOINT WARNING * * *
You feel sick. The orc hits you.
* * * LOW HITPOINT WARNING * * *
The orc hits you but does no damage.
Items here: )) [[[ ††† You hit the orc.
You headbutt the orc.
You kill the orc!
Trog accepts your kill.
You die...

#..? #.#.[#
#<...# #....#
#.... ....
#.###.#########
#....†@>.......
#####.#########
#.# #.# #.#
..## #.# ..#
#.# #.######.#
#.....##.#


There were no monsters in sight!

Vanquished Creatures
  A scorpion (D:4)
  2 hounds
  An orc wizard (D:4)
  A worker ant (D:4)
  5 adders
  3 oozes
  4 worms
  2 dart slugs (D:1)
  3 giant geckos
  3 orcs (D:4)
  5 bats
  A giant cockroach (D:1)
  8 goblins
  7 hobgoblins
  3 jackals (D:3)
  6 kobolds
  A ball python skeleton (D:4)
  4 giant newts
  5 rats
  A fungus (D:3)
66 creatures vanquished.

Notes
Turn   | Place    | Note
--------------------------------------------------------------
     0 | D:1      | Kloppie the Minotaur Berserker began the quest for the Orb.
     0 | D:1      | Reached XP level 1. HP: 19/19 MP: 0/0
    72 | D:1      | Reached skill level 4 in Maces & Flails
   289 | D:1      | Reached XP level 2. HP: 26/26 MP: 1/1
   686 | D:1      | Reached skill level 5 in Maces & Flails
   821 | D:2      | Reached XP level 3. HP: 26/31 MP: 2/2
  1190 | D:2      | Reached skill level 1 in Shields
  1728 | D:2      | Reached ** piety under Trog
  1786 | D:2      | Found an ancient bone altar of Kikubaaqudgha.
  1854 | D:2      | Reached XP level 4. HP: 37/39 MP: 3/3
  2137 | D:3      | Found a faded altar to an unknown god.
  2846 | D:3      | Reached skill level 6 in Maces & Flails
  2846 | D:3      | Reached XP level 5. HP: 22/45 MP: 4/4
  3142 | D:4      | Found an oddly glowing altar of Pakellas.
  3142 | D:4      | Found a radiant altar of Vehumet.
  3143 | D:4      | Found a basalt altar of Yredelemnul.
  3153 | D:4      | Found a stormy altar of Qazlal.
  3488 | D:4      | Reached XP level 6. HP: 29/51 MP: 5/5
  3502 | D:4      | HP: 1/51 [orc (2)]
  3503 | D:4      | Succumbed to a worker ant's poison

Skill      XL: |  1  2  3  4  5 |
---------------+----------------+-----
Maces & Flails | 4 5 6 |  6.8
Shields        | 1 3 4 |  4.4
Fighting       | |  3.6
Armour         | |  2.4
Dodging        | |  2.1

Action                   |  1- 3 |  4- 6 || total
-------------------------+-------+-------++-------
Melee: Mace              |    78 |    96 ||   174
       Headbutt          |     7 |    18 ||    25
Invok: Berserk           |     2 |     2 ||     4
       Trog's Hand       |       |     1 ||     1
 Stab: Sleeping          |     1 |       ||     1
  Eat: Chunk             |     5 |     4 ||     9
       Meat ration       |       |     1 ||     1
Armor: Animal skin       |     4 |       ||     4
       Ring mail         |    16 |    42 ||    58
Dodge: Dodged            |    43 |    52 ||    95
